 Dungeon Crawl Stone Soup version 0.32-a0-918-g0f22ef8d61 (webtiles) character file.

Game seed: 12320197117389665161

32474 epsilonplus the Fighter (level 13, -6/124 HPs)
             Began as a Ghoul Fighter on Apr 10, 2024.
             Was an Initiate of Gozag.
             Incinerated by a smoke demon (9 damage)
             ... with a pyre arrow
             ... on level 5 of the Lair of Beasts.
             The game lasted 00:21:29 (16434 turns).

epsilonplus the Fighter (Ghoul Fighter)            Turns: 16434, Time: 00:21:30

Health: -6/124     AC: 22    Str: 34    XL:     13   Next: 64%
Magic:  13/13      EV:  8    Int:  7    God:    Gozag
Gold:   2295       SH:  4    Dex:  8    Spells: 9/12 levels left

rFire   . . .        A - +9 mace of the New World {freeze, rF- rN+ Will++ Str+3}
rCold   + . .        c - +1 buckler
rNeg    + + +        B - +0 plate armour
rPois   ∞            (no helmet)
rElec   .            X - +0 cloak
rCorr   .            W - +3 pair of gloves "Galaum" {rF+}
SInv    .            p - +0 pair of boots
Will    ++...        (no amulet) Stlth
                     F - ring of wizardry
HPRegen 0.00/turn    R - +6 ring of strength
MPRegen 0.13/turn

%: wizardry (x1)
@: on fire, inhibited regen, glowing
A: claws 1, cold resistance 1, negative energy resistance 3, inhibited
regeneration, torment resistance 2, devour on kill
a: Renounce Religion, Potion Petition, Call Merchant, Bribe Branch


You were on level 5 of the Lair of Beasts.
You worshipped Gozag.
Gozag was most pleased with you.
You visited 2 branches of the dungeon, and saw 16 of its levels.
You visited 1 bazaar.

You collected 3213 gold pieces.
You spent 850 gold pieces at shops.
You paid 68 gold pieces to Gozag.

Inventory:

Hand Weapons
 l - a +0 broad axe
 A - the +9 mace of the New World (weapon) {freeze, rF- rN+ Will++ Str+3}
   (You found it on level 6 of the Dungeon)

   Str+3:     It affects your strength (+3).
   rF-:       It makes you vulnerable to fire.
   rN+:       It protects you from negative energy.
   Will++:    It greatly increases your willpower.
 G - a +3 war axe of freezing
 L - a +1 executioner's axe
Missiles
 e - 4 throwing nets
 f - 24 boomerangs (quivered)
 w - 29 poisoned darts
 K - 8 curare-tipped darts
Armour
 c - a +1 buckler (worn)
 g - a +0 chain mail
 p - a +0 pair of boots (worn)
 B - a +0 plate armour (worn)
 C - a +0 pair of gloves
 W - the +3 pair of gloves "Galaum" (worn) {rF+}
   (You found it on level 4 of the Lair of Beasts)

   rF+:       It protects you from fire.
 X - a +0 cloak (worn)
Jewellery
 z - a +6 ring of intelligence
 F - a ring of wizardry (left hand)
 R - a +6 ring of strength (right hand)
Wands
 u - a wand of polymorph (8)
 D - a wand of roots (28)
 Q - a wand of flame (15)
 U - a wand of paralysis (4)
Scrolls
 i - a scroll of blinking
 j - 6 scrolls of teleportation
 k - a scroll of fear
 m - 4 scrolls of noise
 o - 3 scrolls of fog
 v - a scroll of poison
 y - a scroll of enchant armour
 I - a scroll of immolation
 J - 2 scrolls of vulnerability
 O - 3 scrolls of revelation
 P - a scroll of torment
 S - a scroll of silence
 T - a scroll of identify
Potions
 d - 2 potions of might
 h - a potion of haste
 n - 6 potions of curing
 q - a potion of ambrosia
 r - a potion of resistance
 t - 2 potions of cancellation
 x - a potion of attraction
 E - a potion of enlightenment
 H - 4 potions of brilliance
 M - a potion of invisibility
 N - a potion of heal wounds
 V - a potion of berserk rage


   Skills:
 + Level 14.0 Fighting
 + Level 9.9(11.4) Axes
 - Level 9.1(11.0) Maces & Flails
 + Level 10.8 Armour
 + Level 5.8 Dodging
 - Level 2.9 Shields


You had 9 spell levels left.
You knew the following spells:

 Your Spells              Type           Power      Damage    Failure   Level
a - Passwall              Erth           0%         N/A       96%         3

Your spell library contained the following spells:

 Spells                   Type           Power      Damage    Failure   Level
 Apportation              Tloc           0%         N/A       71%         1
 Necrotise                Necr           0%         1d4       71%         1
 Slow                     Hex            0%         N/A       71%         1
 Sting                    Conj/Alch      0%         1d3       71%         1
 Summon Small Mammal      Summ           0%         N/A       71%         1
 Ensorcelled Hibernation  Hex/Ice        0%         N/A       85%         2
 Confusing Touch          Hex            0%         N/A       96%         3
 Frozen Ramparts          Ice            0%         1d1       96%         3
 Hailstorm                Conj/Ice       0%         3d5       96%         3
 Maxwell's Portable Pile  Tloc           0%         2d(5-13)  96%         3
 Swiftness                Air            0%         N/A       96%         3
 Vampiric Draining        Necr           0%         2d6       96%         3
 Summon Blazeheart Golem  Fire/Summ      0%         N/A       100%        4
 Alistair's Intoxication  Alch           0%         N/A       100%        5
 Arcjolt                  Conj/Air       0%         1d10      100%        5
 Borgnjor's Vile Clutch   Necr/Erth      0%         N/A       100%        5
 Metabolic Englaciation   Hex/Ice        0%         N/A       100%        5
 Eringya's Noxious Bog    Alch           0%         4d6       100%        6
 Permafrost Eruption      Ice/Erth       0%         2x4d1     100%        6
 Orb of Destruction       Conj           0%         9d5       100%        7
 Spellforged Servitor     Conj/Summ      0%         N/A       100%        7
 Maxwell's Capacitive Co  Air            0%         ∞         100%        8
 Chain Lightning          Conj/Air       0%         N/A       100%        9
 Fire Storm               Conj/Fire      0%         5d1       100%        9
 Shatter                  Erth           0%         3d5*      100%        9


Dungeon Overview and Level Annotations

Branches:
Dungeon (11/15)            Temple (0/1) D:6            Lair (5/5) D:9
 Shoals (0/4) Lair:2        Snake (0/4) Lair:3
  Slime: Lair:4-5       Orc: D:9-12

Altars:
Ashenzari
Fedhas
Gozag
Hepliaklqana
Kikubaaqudgha
Nemelex Xobeh
Okawaru
Qazlal
Uskayaw
Wu Jian

Annotations:
D:4 3 runed translucent doors, jfitz's ghost, amateur DsBe
D:10 Erica
Lair:4 exclusion: 2 oklob plants


Innate Abilities, Weirdness & Mutations

You are immune to poison.
You have sharp fingernails.
Your flesh is cold resistant. (rC+)
You are immune to negative energy. (rN+++)
You do not regenerate when monsters are visible.
You are immune to unholy pain and torment.
You thrive by killing the living.


Message History

The smoke demon is moderately wounded.
A chaos spawn comes into view.
The smoke demon gestures at you. The pyre arrow hits you.
You are covered in intense liquid fire!
The chaos spawn squeaks loudly.
You sock the smoke demon! You freeze the smoke demon.
The smoke demon is heavily wounded.
The liquid fire burns you!
The smoke demon hits you but does no damage.
You block the smoke demon's attack.
The smoke demon hits you but does no damage.
You hit the smoke demon. You freeze the smoke demon.
The smoke demon is severely wounded.
The liquid fire burns you! The smoke demon gestures at you.
Something smites you!
* * * LOW HITPOINT WARNING * * *
Unknown command.
You feel better. The liquid fire burns you!
* * * LOW HITPOINT WARNING * * *
The smoke demon hits you but does no damage.
You block the smoke demon's attack.
The smoke demon hits you but does no damage.
Blink to where?
Press: ? - help, Dir - move target
As you read the scroll of blinking, it crumbles to dust.
The liquid fire burns you!
* * * LOW HITPOINT WARNING * * *
The raiju bursts into living lightning!
The living lightning hits you!
* * * LOW HITPOINT WARNING * * *
The raiju blinks! x2
Blink to where?
Press: ? - help, Dir - move target
As you read the scroll of blinking, it crumbles to dust.
The liquid fire burns you!
You die...
Your body crumbles into a pile of gold.

♣..♣♣♣♣......##
.......3§$$.h§#
.#
♣..4...§♣♣♣..##
##.. ♣♣..♣♣♣♣♣
♣$.#####... ♣..
♣$##P..#.# # .
♣#.#......##..
#$............
♣#..##.....##.
#@..###....##..
♣#..#.........^
♣..#...P...P.#.
♣.....###..###
♣...#....##..#
♣♣♣♣P###..##
.... ♣.♣♣ ##..#
.#P. ♣♣♣♣.#
#..## ....
♣♣....## #..#
.#


You could see a raiju.

Vanquished Creatures
  3 hydras (Lair:4)
  2 catoblepae
  2 two-headed ogres
  Sonja (Lair:3)
  An oklob plant (Lair:5)
  2 manticores (D:11)
  A salamander (Lair:3)
  A torpor snail (Lair:2)
  5 black mambas
  4 elephants (Lair:2)
  7 cane toads
  Maggie (D:10)
  A rime drake (Lair:4)
  8 komodo dragons
  3 merfolk
  4 polar bears
  9 blink frogs
  2 hornets
  2 dream sheep (Lair:2)
  A ynoxinul (Lair:5)
  A shadow (D:11)
  A spriggan (Lair:5)
  35 yaks
  A spriggan (shapeshifter) (D:8)
  A vampire (D:8)
  2 wyverns
  A wraith (D:10)
  2 basilisks
  3 small abominations (Lair:5)
  2 steam dragons (D:8)
  2 nagas (Lair:3)
  3 acid dragons
  17 water moccasins
  A sky beast (D:8)
  4 orc warriors
  2 ice beasts
  3 centaurs
  9 wolves
  2 black bears
  2 ogres
  A phantom (D:7)
  4 kobold brigands
  18 bullfrogs
  A scorpion (D:6)
  6 wights
  7 killer bees
  2 jellies (D:8)
  3 howler monkeys
  An electric eel (Lair:3)
  8 hounds
  6 orc priests
  4 sleepcaps
  2 iguanas
  10 orc wizards
  Natasha (thrice) (D:3)
  9 adders
  7 gnolls
  A shadow imp (D:5)
  4 ufetubi
  2 ribbon worms
  5 dart slugs
  21 orcs
  8 ball pythons
  6 endoplasms
  3 giant cockroaches
  7 goblins
  5 hobgoblins
  14 jackals
  8 quokkas
  7 bats
  A frilled lizard (D:2)
  20 kobolds
  3 rats
361 creatures vanquished.

Vanquished Creatures (others)
  A human (D:4)
1 creature vanquished.

Grand Total: 362 creatures vanquished

Notes
Turn   | Place    | Note
-------+----------+-------------------------------------------
     0 | D:1      | epsilonplus the Ghoul Fighter began the quest for the Orb.
     0 | D:1      | Reached XP level 1. HP: 19/19 MP: 1/1
    44 | D:1      | Reached XP level 2. HP: 26/26 MP: 2/2
   207 | D:1      | Reached XP level 3. HP: 33/33 MP: 3/3
   515 | D:2      | Reached skill level 4 in Fighting
   515 | D:2      | Reached XP level 4. HP: 40/40 MP: 4/4
  1101 | D:3      | Noticed Natasha
  1106 | D:3      | Killed Natasha
  1198 | D:3      | Reached XP level 5. HP: 47/47 MP: 5/5
  1375 | D:3      | Found an opulent altar of Gozag.
  1507 | D:3      | Became a worshipper of Gozag Ym Sagoz the Greedy
  1613 | D:3      | Noticed Natasha
  1619 | D:3      | Killed Natasha
  1620 | D:3      | Reached XP level 6. HP: 21/55 MP: 6/6
  2124 | D:3      | Reached skill level 5 in Fighting
  2260 | D:3      | Noticed Natasha
  2269 | D:3      | Killed Natasha
  2424 | D:4      | Reached skill level 1 in Maces & Flails
  2457 | D:4      | Found an ancient bone altar of Kikubaaqudgha.
  2457 | D:4      | Noticed a human
  2461 | D:4      | Killed a human
  2683 | D:4      | Noticed a black bear
  2694 | D:4      | Killed a black bear
  2695 | D:4      | Reached XP level 7. HP: 54/61 MP: 7/7
  2712 | D:4      | Found a broken altar of Ashenzari.
  2755 | D:4      | Identified the +4 ring mail of Ohaf {rC+ Dex+4}
  2893 | D:4      | Found a faded altar of an unknown god.
  2895 | D:4      | Found a hazy altar of Hepliaklqana.
  2895 | D:4      | Found a faded altar of an unknown god.
  3052 | D:4      | Found a runed translucent gate.
  3052 | D:4      | Found a runed translucent gate.
  3054 | D:4      | Found an opulent altar of Gozag.
  3055 | D:4      | Found a runed translucent gate.
  3082 | D:4      | Noticed jfitz's ghost (amateur DsBe)
  3242 | D:5      | Entered Level 5 of the Dungeon
  3379 | D:5      | Reached skill level 6 in Fighting
  3664 | D:5      | Reached XP level 8. HP: 63/71 MP: 8/8
  4008 | D:5      | Found a sparkling altar of Nemelex Xobeh.
  4103 | D:6      | Reached skill level 5 in Maces & Flails
  4209 | D:6      | Identified the +9 mace of the New World {freeze, rF- rN+
                  | Will++ Str+3}
  4236 | D:6      | Found a staircase to the Ecumenical Temple.
  4394 | D:6      | Reached skill level 7 in Fighting
  4638 | D:6      | Found a stormy altar of Qazlal.
  4742 | D:6      | Found an ornate altar of the Wu Jian Council.
  4977 | D:6      | Learned a level 3 spell: Passwall
  5199 | D:7      | Reached XP level 9. HP: 80/81 MP: 9/9
  5214 | D:7      | Reached skill level 8 in Fighting
  5510 | D:8      | Noticed a two-headed ogre
  5526 | D:8      | Killed a two-headed ogre
  5527 | D:8      | Reached skill level 5 in Armour
  5531 | D:8      | Noticed a hornet
  5541 | D:8      | Killed a hornet
  5542 | D:8      | Reached skill level 9 in Fighting
  5588 | D:8      | HP: 4/83 [orc warrior/+0 trident (13)]
  5750 | D:8      | Reached XP level 10. HP: 65/91 MP: 10/10
  6257 | D:8      | Reached skill level 10 in Fighting
  7401 | D:9      | Found a staircase to the Lair.
  7601 | D:9      | You fall into a shaft and drop 2 floors!
  7647 | D:11     | Found an iron altar of Okawaru.
  7905 | D:11     | Found a flickering gateway to a bazaar.
  7905 | D:11     | Noticed a two-headed ogre
  7907 | D:11     | Noticed a manticore
  7914 | D:11     | Killed a two-headed ogre
  7915 | D:11     | Reached XP level 11. HP: 48/101 MP: 11/11
  7919 | D:11     | Killed a manticore
  7920 | D:11     | Reached skill level 11 in Fighting
  7931 | Bazaar   | Entered a bazaar
  7931 | Bazaar   | Found Nirphenk's Antique Weapon Shop.
  8081 | Bazaar   | Bought an executioner's axe for 390 gold pieces
  8084 | Bazaar   | Found Oguhegy's Distillery.
  8092 | Bazaar   | Bought a potion of cancellation for 136 gold pieces
  8092 | Bazaar   | Bought a potion of brilliance for 68 gold pieces
  8092 | Bazaar   | Bought a potion of invisibility for 136 gold pieces
  8095 | Bazaar   | Found Eruw Ekh's Book Boutique.
  8103 | Bazaar   | Found Ecaavaen's General Store.
  8111 | Bazaar   | Bought 2 potions of heal wounds for 80 gold pieces
  8111 | Bazaar   | Bought a potion of heal wounds for 40 gold pieces
  8114 | Bazaar   | Found Jywim's Antique Armour Emporium.
  8325 | D:11     | Identified the +1 falchion "Ykeatro" {venom, Fly rElec rN+}
  8393 | D:11     | Noticed a manticore
  8405 | D:11     | Killed a manticore
  8576 | D:11     | Noticed a catoblepas
  8612 | D:10     | Entered Level 10 of the Dungeon
  8647 | D:10     | Reached skill level 5 in Axes
  8868 | D:10     | Noticed Maggie
  8878 | D:10     | Killed Maggie
  9260 | D:10     | Noticed Erica
  9278 | D:9      | Found a hide-covered altar of Uskayaw.
  9283 | D:9      | Found a blossoming altar of Fedhas.
  9586 | Lair:1   | Entered Level 1 of the Lair of Beasts
 10745 | Lair:2   | Reached skill level 12 in Fighting
 10767 | Lair:2   | Reached XP level 12. HP: 51/112 MP: 12/12
 11158 | Lair:2   | Reached skill level 1 in Dodging
 11516 | Lair:2   | Found a staircase to the Shoals.
 11550 | Lair:2   | Got the Quarto of the Wendigo
 12405 | Lair:3   | Noticed Sonja
 12418 | Lair:3   | Killed Sonja
 13187 | Lair:3   | Reached skill level 13 in Fighting
 13196 | Lair:3   | Noticed a catoblepas
 13211 | Lair:3   | Killed a catoblepas
 13555 | Lair:3   | Reached skill level 10 in Armour
 13765 | Lair:3   | Found a staircase to the Snake Pit.
 14053 | Lair:4   | Reached XP level 13. HP: 90/122 MP: 13/13
 14376 | Lair:4   | Identified the +3 pair of gloves "Galaum" {rF+}
 15179 | Lair:4   | Reached skill level 5 in Dodging
 15734 | Lair:5   | Entered Level 5 of the Lair of Beasts
 16358 | Lair:5   | Reached skill level 14 in Fighting
 16433 | Lair:5   | HP: 3/124 [raiju/living lightning (17)]
 16434 | Lair:5   | Incinerated by a smoke demon

Illustrated notes

Levels and vault maps discovered:
D:1:      ncdulo_watergridlock, layout_rooms, minmay_domino_2
D:2:      layout_loops_ring, minivault_14
D:3:      layout_loops_corners, marbit_many_paths, uniq_natasha
D:4:      layout_rooms, nicolae_hepliaklqana_ecumenical_no_more,
          nicolae_ashenzari_panopticon, tgw_kikubaaqudgha, ebering_ghost_gozag,
          nicolae_figureground_sparkle
D:5:      layout_rooms, kennysheep_mini
D:6:      layout_basic, kennysheep_little_box, pdpol_wu_jian_five_deadly_venoms,
          minmay_temple_entry_overgrown
D:7:      layout_basic, chequers_serial_rivers_large_a
D:8:      cheibrodos_fzero, layout_basic, serial_curves, eino_curves_02,
          eino_curves_02, eino_curves_02, eino_curves_02
D:9:      layout_big_octagon, mainiacjoe_overflow_catwalk_spiral,
          lair_entry_dummy
D:10:     layout_loops_cross, mainiacjoe_overflow_small_starburst, uniq_erica,
          uniq_maggie
D:11:     nzn_motion_control, layout_basic, minmay_orc_entry_guard_dogs,
          serial_shops, freezing_bzr, okawaru_ov_weapons_minmay
Lair:1:   layout_hall_layers, serial_bayou_crossing, lemuel_fruit_fields
Lair:2:   layout_gridlike, elwin_shoals_entry_rooms
Lair:3:   layout_roguey, alex1729_snake_entry_snake,
          infiniplex_staircase_pool_2, serial_bayou_shore_a, uniq_sonja
Lair:4:   layout_cave_pods, minmay_slime_entry_oklob_enclosed, basic_altar,
          grunt_megastairs_3
Lair:5:   hellmonk_lair_end_abyssal_woods, layout_loops_ring, tgw_fedhas

Skill      XL: |  1  2  3  4  5  6  7  8  9 10 11 12 13 |
---------------+----------------------------------------+-----
Axes           | 2 3 4 7 9 |  9.9
Fighting       | 4 5 6 7 9 10 12 13 14 | 14.0
Maces & Flails | 2 4 6 7 9 |  9.1
Armour         | 4 5 7 8 10 | 10.8
Dodging        | 4 5 |  5.8
Shields        | |  2.9

Action                     |  1- 3 |  4- 6 |  7- 9 | 10-12 | 13-15 || total
---------------------------+-------+-------+-------+-------+-------++-------
  Melee: War axe           |    87 |    91 |       |       |       ||   178
         Mace              |       |    72 |   236 |   641 |   227 ||  1176
  Throw: Boomerang         |     2 |     4 |     8 |    12 |       ||    26
    Use: Scroll            |       |     6 |     9 |    10 |     2 ||    27
         Potion            |       |     1 |     1 |     2 |     1 ||     5
   Stab: Distracted        |       |       |       |     4 |       ||     4
 Armour: Scale mail        |    50 |       |       |       |       ||    50
         Chain mail        |    33 |   167 |   138 |       |       ||   338
         Plate armour      |       |       |   105 |   636 |   249 ||   990
  Dodge: Dodged            |    41 |    53 |    96 |   213 |    63 ||   466
  Block: Buckler           |    13 |    34 |    59 |   168 |    43 ||   317

Table legend: (Time is in decaauts)
 A = Elapsed time spent in this place.
 B = Non-inter-level travel time spent in this place.
 C = Inter-level travel time spent in this place.
 D = Time resting spent in this place.
 E = Time spent auto-exploring this place.
 F = Levels seen in this place.
 G = Mean time per level.
                   A        B        C        D        E       F      G
               +--------+--------+--------+--------+--------+-----+--------+
         Total |  16542 |  16126 |    416 |    182 |  13198 |  17 |  973.1 |
       Dungeon |   9458 |   9156 |    302 |     51 |   7337 |  11 |  859.8 |
          Lair |   6817 |   6704 |    113 |    131 |   5622 |   5 | 1363.4 |
        Bazaar |    266 |    266 |      0 |      0 |    238 |   1 |  266.0 |
               +--------+--------+--------+--------+--------+-----+--------+

Top non-repeatable levels by time:
  Lair:4: 1816 daAuts
     D:8: 1764 daAuts
  Lair:2: 1664 daAuts
  Lair:3: 1648 daAuts
     D:3: 1331 daAuts
  Lair:1: 1136 daAuts
     D:4: 940 daAuts
     D:6: 904 daAuts
     D:5: 787 daAuts
    D:11: 744 daAuts
     D:9: 660 daAuts
     D:2: 657 daAuts
    D:10: 656 daAuts
  Lair:5: 551 daAuts
     D:7: 515 daAuts
